[ PARTIDA AOE2 · #508044018 ]
UnrankedRomanos vs Khmer
Equipo del jugador · VICT
Equipo rival · DERR
[ ANÁLISIS DE REPETICIÓN · EXTRAÍDO DE LA PARTIDA GRABADA ]
Feudal
11:30
Castillos
22:10
Imperial
38:28
| APM promedio | 62.3 |
| APM pico | 111 |
| eAPM promedio | 34.6 |
| Aldeanos / militares | 216 / 168 |
Foco
⚔️ 41.6% · 🌾 58.4%
Militia ×64 · Spearman ×44 · Centurion ×19 · Scorpion ×17 · Skirmisher ×10 · Archer ×6
Feudal
9:50
Castillos
26:23
Imperial
40:41
| APM promedio | 55.9 |
| APM pico | 95 |
| eAPM promedio | 24.3 |
| Aldeanos / militares | 136 / 197 |
Foco
⚔️ 27.0% · 🌾 73.0%
Archer ×102 · Knight ×81 · Scout Cavalry ×10 · Trebuchet (Packed) ×3 · Monk ×1
Mapa de la partida
Recursos iniciales + cada clic de construcción. Líneas = muros · curvas = relieve. ◆ oro · ⬟ piedra · ● bayas · ✦ reliquia · ◌ hueco del cierre
Tu base· ✓ Cerrada en 22:10 · 34t muro · 2 puerta(s)
Base de S_· ✓ Cerrada en 26:23 · 66t muro · 1 puerta(s)
Terreno inicial suavizado · ◌ = hueco del cierre detectado · pasá el cursor para detalles
Inputs por minuto
— stag11 - - S_
Build order — stag11
Primeras 150 de 561 acciones detectadas
| 0:00 | Crear | Villager (Male) |
| 0:03 | Construir | House |
| 0:05 | Construir | House |
| 0:11 | Crear | Villager (Male) |
| 0:12 | Crear | Villager (Male) |
| 0:17 | Crear | Villager (Male) |
| 1:24 | Construir | Lumber Camp |
| 1:24 | Crear | Villager (Male) |
| 2:01 | Crear | Villager (Male) |
| 2:20 | Crear | Villager (Male) |
| 2:54 | Crear | Villager (Male) |
| 3:14 | Crear | Villager (Male) |
| 3:46 | Crear | Villager (Male) |
| 3:50 | Construir | House |
| 4:07 | Crear | Villager (Male) |
| 4:14 | Construir | Barracks |
| 4:16 | Construir | House |
| 4:37 | Crear | Villager (Male) |
| 4:38 | Crear | Villager (Male) |
| 5:13 | Crear | Militia |
| 5:19 | Construir | House |
| 5:21 | Construir | Palisade Wall |
| 5:27 | Crear | Villager (Male) |
| 5:29 | Crear | Militia |
| 5:54 | Crear | Militia |
| 5:57 | Crear | Villager (Male) |
| 6:00 | Construir | Mill |
| 6:10 | Crear | Villager (Male) |
| 6:14 | Construir | Palisade Gate |
| 6:50 | Crear | Villager (Male) |
| 6:53 | Crear | Villager (Male) |
| 7:00 | Construir | Palisade Wall |
| 7:05 | Crear | Villager (Male) |
| 7:22 | Crear | Villager (Male) |
| 7:52 | Crear | Villager (Male) |
| 7:54 | Crear | Villager (Male) |
| 8:02 | Crear | Villager (Male) |
| 8:29 | Investigar | Loom |
| 8:40 | Construir | House |
| 8:41 | Construir | Palisade Wall |
| 8:42 | Crear | Villager (Male) |
| 9:08 | Investigar | Feudal Age |
| 9:46 | Construir | Mill |
| 9:47 | Crear | Villager (Male) |
| 10:06 | Construir | Mining Camp |
| 10:06 | Crear | Villager (Male) |
| 11:09 | Construir | Palisade Gate |
| 11:20 | Construir | House |
| 11:30 | Edad | Edad Feudal |
| 11:37 | Investigar | Man-at-Arms (upgrade) |
| 11:39 | Crear | Villager (Male) |
| 11:44 | Construir | Blacksmith |
| 11:46 | Construir | Palisade Wall |
| 12:05 | Investigar | Horse Collar |
| 12:05 | Investigar | Horse Collar |
| 12:15 | Construir | Archery Range |
| 12:25 | Crear | Militia |
| 12:28 | Crear | Villager (Male) |
| 12:36 | Investigar | Scale Mail Armor |
| 12:43 | Crear | Villager (Male) |
| 12:50 | Investigar | Double-Bit Axe |
| 13:05 | Crear | Militia |
| 13:12 | Crear | Villager (Male) |
| 13:18 | Construir | Farm |
| 13:20 | Construir | Farm |
| 13:21 | Crear | Archer |
| 13:29 | Construir | Farm |
| 13:29 | Crear | Villager (Male) |
| 13:40 | Crear | Archer |
| 13:44 | Construir | Farm |
| 13:44 | Crear | Villager (Male) |
| 14:00 | Crear | Archer |
| 14:06 | Crear | Villager (Male) |
| 14:07 | Crear | Villager (Male) |
| 14:09 | Construir | Farm |
| 14:31 | Crear | Archer |
| 14:33 | Crear | Villager (Male) |
| 14:37 | Construir | Farm |
| 14:37 | Crear | Villager (Male) |
| 14:42 | Construir | Farm |
| 14:54 | Crear | Villager (Male) |
| 14:59 | Investigar | Fletching |
| 15:04 | Construir | Farm |
| 15:08 | Construir | Farm |
| 15:09 | Construir | Farm |
| 15:15 | Crear | Villager (Male) |
| 15:22 | Investigar | Padded Archer Armor |
| 15:28 | Construir | Farm |
| 15:29 | Crear | Villager (Male) |
| 15:33 | Crear | Archer |
| 15:43 | Construir | Farm |
| 15:44 | Crear | Villager (Male) |
| 15:58 | Construir | Farm |
| 15:58 | Crear | Villager (Male) |
| 16:11 | Construir | Farm |
| 16:11 | Crear | Villager (Male) |
| 16:22 | Crear | Archer |
| 16:29 | Crear | Villager (Male) |
| 16:31 | Crear | Skirmisher |
| 16:50 | Construir | House |
| 17:06 | Crear | Skirmisher |
| 17:22 | Crear | Skirmisher |
| 17:45 | Construir | Lumber Camp |
| 17:51 | Crear | Skirmisher |
| 17:57 | Crear | Villager (Male) |
| 18:09 | Crear | Skirmisher |
| 18:11 | Crear | Villager (Male) |
| 18:20 | Crear | Villager (Male) |
| 18:22 | Crear | Skirmisher |
| 18:27 | Construir | House |
| 18:27 | Crear | Villager (Male) |
| 18:52 | Construir | Market |
| 19:15 | Crear | Skirmisher |
| 19:30 | Investigar | Castle Age |
| 19:40 | Construir | Mining Camp |
| 19:40 | Crear | Villager (Male) |
| 20:12 | Crear | Skirmisher |
| 20:21 | Crear | Skirmisher |
| 20:38 | Crear | Villager (Male) |
| 20:49 | Crear | Skirmisher |
| 20:51 | Crear | Villager (Male) |
| 20:54 | Crear | Villager (Male) |
| 21:02 | Crear | Villager (Male) |
| 21:12 | Crear | Villager (Male) |
| 21:18 | Construir | House |
| 21:18 | Crear | Villager (Male) |
| 21:25 | Construir | Watch Tower |
| 21:26 | Crear | Villager (Male) |
| 21:46 | Construir | House |
| 21:51 | Construir | House |
| 22:10 | Edad | Edad de los Castillos |
| 22:15 | Construir | Siege Workshop |
| 22:16 | Crear | Villager (Male) |
| 22:24 | Construir | House |
| 22:24 | Crear | Villager (Male) |
| 22:38 | Crear | Villager (Male) |
| 22:51 | Crear | Mangonel |
| 23:10 | Crear | Villager (Male) |
| 23:23 | Construir | Town Center |
| 23:23 | Crear | Villager (Male) |
| 23:35 | Crear | Villager (Male) |
| 24:14 | Crear | Villager (Male) |
| 24:40 | Crear | Villager (Male) |
| 25:12 | Crear | Villager (Male) |
| 25:13 | Crear | Villager (Male) |
| 25:18 | Construir | Farm |
| 25:18 | Construir | Farm |
| 25:18 | Construir | Farm |
| 25:18 | Construir | Farm |
| 25:18 | Construir | Farm |
Build order — S_
Primeras 150 de 416 acciones detectadas
| 0:02 | Construir | House |
| 0:03 | Construir | House |
| 0:03 | Crear | Villager (Male) |
| 0:04 | Crear | Villager (Male) |
| 0:27 | Crear | Villager (Male) |
| 0:27 | Crear | Villager (Male) |
| 0:28 | Crear | Villager (Male) |
| 1:29 | Crear | Villager (Male) |
| 2:02 | Crear | Villager (Male) |
| 2:02 | Crear | Villager (Male) |
| 2:14 | Crear | Villager (Male) |
| 2:14 | Crear | Villager (Male) |
| 2:39 | Construir | House |
| 2:50 | Crear | Villager (Male) |
| 2:50 | Crear | Villager (Male) |
| 3:23 | Crear | Villager (Male) |
| 3:23 | Crear | Villager (Male) |
| 3:38 | Crear | Villager (Male) |
| 3:39 | Crear | Villager (Male) |
| 3:43 | Construir | Lumber Camp |
| 4:36 | Crear | Villager (Male) |
| 4:36 | Crear | Villager (Male) |
| 4:36 | Crear | Villager (Male) |
| 4:56 | Crear | Villager (Male) |
| 5:37 | Construir | Mill |
| 5:52 | Crear | Villager (Male) |
| 6:17 | Construir | Palisade Wall |
| 6:30 | Crear | Villager (Male) |
| 6:32 | Investigar | Loom |
| 6:36 | Construir | Palisade Wall |
| 7:17 | Construir | House |
| 7:23 | Construir | Palisade Wall |
| 7:25 | Construir | Palisade Wall |
| 7:40 | Investigar | Feudal Age |
| 7:40 | Investigar | Feudal Age |
| 7:58 | Construir | Mining Camp |
| 8:07 | Construir | House |
| 8:14 | Construir | House |
| 8:17 | Construir | Palisade Wall |
| 8:33 | Crear | Villager (Male) |
| 9:45 | Construir | Palisade Wall |
| 9:50 | Edad | Edad Feudal |
| 9:54 | Construir | Archery Range |
| 10:01 | Investigar | Double-Bit Axe |
| 10:02 | Investigar | Double-Bit Axe |
| 10:18 | Crear | Villager (Male) |
| 10:19 | Crear | Villager (Male) |
| 10:32 | Construir | Blacksmith |
| 10:33 | Crear | Archer |
| 10:33 | Crear | Archer |
| 10:59 | Crear | Villager (Male) |
| 11:00 | Crear | Archer |
| 11:01 | Crear | Archer |
| 11:15 | Crear | Archer |
| 11:26 | Construir | Farm |
| 11:28 | Construir | Farm |
| 11:49 | Construir | Farm |
| 12:02 | Investigar | Fletching |
| 12:02 | Investigar | Fletching |
| 12:08 | Construir | Farm |
| 12:20 | Construir | House |
| 12:24 | Crear | Archer |
| 12:24 | Crear | Archer |
| 12:40 | Crear | Archer |
| 13:16 | Construir | House |
| 13:18 | Crear | Villager (Male) |
| 13:18 | Crear | Villager (Male) |
| 13:22 | Crear | Villager (Male) |
| 13:38 | Construir | Palisade Wall |
| 13:41 | Construir | Palisade Wall |
| 13:42 | Construir | Palisade Gate |
| 13:53 | Construir | Farm |
| 13:54 | Construir | Farm |
| 13:54 | Crear | Villager (Male) |
| 14:06 | Construir | Palisade Wall |
| 14:11 | Crear | Archer |
| 14:11 | Crear | Archer |
| 15:00 | Crear | Archer |
| 15:00 | Crear | Archer |
| 15:13 | Construir | Palisade Wall |
| 15:16 | Investigar | Padded Archer Armor |
| 15:17 | Investigar | Padded Archer Armor |
| 15:20 | Construir | Palisade Wall |
| 15:22 | Crear | Villager (Male) |
| 15:23 | Crear | Villager (Male) |
| 15:23 | Crear | Villager (Male) |
| 15:46 | Crear | Villager (Male) |
| 16:07 | Construir | Mill |
| 16:27 | Crear | Archer |
| 16:27 | Crear | Archer |
| 16:46 | Crear | Archer |
| 16:52 | Crear | Villager (Male) |
| 16:53 | Crear | Villager (Male) |
| 16:55 | Construir | Farm |
| 16:56 | Construir | Farm |
| 17:23 | Construir | House |
| 17:24 | Construir | House |
| 17:32 | Crear | Archer |
| 17:32 | Crear | Archer |
| 17:39 | Construir | Archery Range |
| 17:56 | Crear | Archer |
| 17:56 | Crear | Archer |
| 18:00 | Crear | Villager (Male) |
| 18:00 | Crear | Villager (Male) |
| 18:22 | Construir | House |
| 18:25 | Crear | Archer |
| 18:25 | Crear | Archer |
| 18:27 | Crear | Villager (Male) |
| 18:48 | Construir | Farm |
| 18:49 | Crear | Archer |
| 18:49 | Crear | Archer |
| 18:53 | Construir | House |
| 19:22 | Crear | Archer |
| 19:22 | Crear | Archer |
| 19:26 | Construir | Farm |
| 19:26 | Crear | Villager (Male) |
| 19:26 | Crear | Villager (Male) |
| 19:28 | Construir | Farm |
| 19:38 | Construir | House |
| 19:56 | Crear | Archer |
| 21:05 | Construir | Farm |
| 21:06 | Construir | Farm |
| 21:07 | Crear | Villager (Male) |
| 21:07 | Crear | Villager (Male) |
| 21:14 | Construir | House |
| 21:32 | Crear | Archer |
| 21:33 | Crear | Archer |
| 21:34 | Crear | Archer |
| 21:44 | Construir | Farm |
| 21:48 | Construir | Palisade Wall |
| 22:08 | Construir | Farm |
| 23:44 | Investigar | Castle Age |
| 23:44 | Investigar | Castle Age |
| 23:46 | Construir | Stable |
| 23:49 | Construir | Stable |
| 24:47 | Construir | Stable |
| 24:49 | Investigar | Bloodlines |
| 25:16 | Investigar | Scale Barding Armor |
| 25:16 | Investigar | Scale Barding Armor |
| 25:17 | Investigar | Forging |
| 25:17 | Investigar | Forging |
| 26:06 | Construir | Farm |
| 26:08 | Investigar | Horse Collar |
| 26:09 | Investigar | Horse Collar |
| 26:09 | Investigar | Gold Mining |
| 26:10 | Investigar | Gold Mining |
| 26:23 | Edad | Edad de los Castillos |
| 26:29 | Investigar | Bow Saw |
| 26:30 | Investigar | Bow Saw |
| 26:39 | Construir | Town Center |
Cronología de la partida
| 4:14 | stag11 · first_building Barracks |
| 5:21 | stag11 · wall_segment Palisade Wall x6 |
| 6:17 | S_ · wall_segment Palisade Wall x2 |
| 6:36 | S_ · wall_segment Palisade Wall x1 |
| 7:00 | stag11 · wall_segment Palisade Wall x17 |
| 7:23 | S_ · wall_segment Palisade Wall x3 |
| 7:25 | S_ · wall_segment Palisade Wall x1 |
| 8:17 | S_ · wall_segment Palisade Wall x5 |
| 8:41 | stag11 · wall_segment Palisade Wall x10 |
| 9:45 | S_ · wall_segment Palisade Wall x2 |
| 9:50 | S_ · age_up feudal |
| 9:54 | S_ · first_building Archery Range |
| 11:30 | stag11 · age_up feudal |
| 11:46 | stag11 · wall_segment Palisade Wall x1 |
| 12:15 | stag11 · first_building Archery Range |
| 13:38 | S_ · wall_segment Palisade Wall x13 |
| 13:41 | S_ · wall_segment Palisade Wall x7 |
| 14:06 | S_ · wall_segment Palisade Wall x3 |
| 15:13 | S_ · wall_segment Palisade Wall x9 |
| 15:20 | S_ · wall_segment Palisade Wall x19 |
| 21:48 | S_ · wall_segment Palisade Wall x1 |
| 22:10 | stag11 · age_up castle |
| 22:15 | stag11 · first_building Siege Workshop |
| 23:46 | S_ · first_building Stable |
| 26:23 | S_ · age_up castle |
| 28:34 | stag11 · first_building Monastery |
| 29:17 | stag11 · first_building Castle |
| 33:49 | stag11 · first_market_sell 100 wood |
| 35:03 | stag11 · first_market_buy 100 food |
| 36:25 | S_ · first_building Castle |
| 37:29 | S_ · first_market_sell 100 food |
| 38:01 | S_ · first_building Monastery |
| 38:28 | stag11 · age_up imperial |
| 40:41 | S_ · age_up imperial |
| 41:35 | S_ · first_market_buy 100 stone |
| 49:06 | S_ · wall_segment Palisade Wall x1 |
| 49:34 | S_ · first_building Siege Workshop |
| 52:36 | S_ · resign |
[ ANÁLISIS IA · 1 CRÉDITO ]
¿Qué pasó realmente en esta partida?
Wolo.gg analiza cada decisión: build order, eco, micro, errores típicos por bracket. Análisis personalizado por WhatsApp o Discord en 30 segundos.
Guía civ
Romanos
Perfil
stag11